 Dungeon Crawl Stone Soup version 0.29-a0-559-g359e09b9d1 (webtiles) character file.

Game seed: 3658426385919537893

29 Sabo the Ducker (level 3, 0/28 HPs)
             Began as a Djinni Gladiator on June 10, 2022.
             Was an Initiate of Yredelemnul.
             Slain by Sigmund
             ... wielding a +2 scythe of protection
              (5 damage)
             ... on level 2 of the Dungeon.
             The game lasted 00:06:31 (1185 turns).

Sabo the Ducker (Djinni Gladiator)                  Turns: 1185, Time: 00:06:32

Health: 0/28       AC:  6    Str: 15    XL:     3   Next: 32%
Gold:   85         EV: 12    Int:  9    God:    Yredelemnul [......] SH:  0 Dex: 14

rFire   + + .      SeeInvis .   a - +0 long sword
rCold   x . .      Faith    .   (no shield)
rNeg    . . .      Spirit   .   g - +0 ring mail
rPois   ∞          Reflect  .   c - +0 helmet
rElec   .          Harm     .   (no cloak)
rCorr   .          Rampage  .   (no gloves)
Will    .....                   (boots unavailable)
Stlth   +.........              (no amulet)
HPRegen 0.09/turn               (no ring)
MPRegen 0.00/turn               (no ring)

@: flying
A: sickness immunity, fire resistance 2, cold vulnerability 1, float, innate
caster, HP casting, extra vitality 1
a: Renounce Religion, Recall Undead Harvest


You were on level 2 of the Dungeon.
You worshipped Yredelemnul.
Yredelemnul was noncommittal.
You visited 1 branch of the dungeon, and saw 2 of its levels.

You collected 109 gold pieces.
You spent 24 gold pieces at shops.

Inventory:

Hand Weapons
 a - a +0 long sword (weapon)
Missiles
 d - 3 throwing nets (quivered)
 e - a javelin
 i - 3 poisoned darts
Armour
 c - a +0 helmet (worn)
 g - a +0 ring mail (worn)
Scrolls
 f - a scroll of poison {unknown}
 h - a scroll of fear {unknown}
 j - 2 scrolls of identify
 k - a scroll of enchant armour {unknown}
Potions
 b - a potion of heal wounds {unknown}


   Skills:
 + Level 2.0 Fighting
 + Level 3.1 Long Blades
 + Level 1.7 Throwing
 + Level 3.9 Dodging
 + Level 0.1 Stealth


You had one spell level left.
You knew the following spells:

 Your Spells              Type           Power      Damage    Failure   Level
a - Summon Small Mammal   Summ           0%         N/A       63%         1
Your spell library was empty.

Dungeon Overview and Level Annotations

Branches:
Dungeon (2/15)

Altars:
Yredelemnul

Shops:
D:2 ?

Annotations:
D:2 Sigmund


Innate Abilities, Weirdness & Mutations

You are immune to sickness and miasma.
You are immune to poison.
Your flesh is very heat resistant. (rF++)
You are vulnerable to cold. (rC-)
You float through the air rather than walking.
You learn spells naturally, not from books.
Your magical power is your life essence.
You have superior vitality. (+4 MHP)


Message History

Sigmund is moderately wounded.
Sigmund closely misses you.
You hit Sigmund but do no damage.
Sigmund is moderately wounded.
The endoplasm freezes you.
You are frozen.
You feel a terrible chill! Sigmund barely misses you.
You closely miss Sigmund.
Sigmund is moderately wounded.
The endoplasm freezes you.
You are frozen.
You feel a terrible chill! Sigmund closely misses you.
The endoplasm barely misses you.
You hit Sigmund.
Sigmund is moderately wounded.
The endoplasm barely misses you. Sigmund closely misses you.
You barely miss Sigmund.
Sigmund is moderately wounded.
The endoplasm closely misses you.
You hit Sigmund.
Sigmund is severely wounded.
Sigmund hits you but does no damage. The endoplasm barely misses you.
The endoplasm closely misses you.
Your worm zombie bites Sigmund but does no damage.
You closely miss Sigmund.
Sigmund is severely wounded.
Sigmund gestures at you while chanting. The magic dart hits you.
The endoplasm freezes you.
You are frozen.
You hit Sigmund but do no damage.
Sigmund is severely wounded.
Sigmund completely misses you. The endoplasm freezes you.
You are frozen!
You feel a terrible chill!
* * * LOW HITPOINT WARNING * * *
Your worm zombie bites Sigmund.
You hit Sigmund.
Sigmund is almost dead.
Sigmund hits you with a +2 scythe of protection.
You die...
Your body rises from the dead as a mindless zombie.

#.#####..#####.#.....#
#..............#.....#
################.#.#.#
##.#.#.# #....#.#
#......# # # #.######
....#.#.Z@..#
......!J@...#
....#.####### .. ...
###


You could see Sigmund (ally target), an endoplasm and a friendly worm zombie.

Vanquished Creatures
  A worm (D:2)
  A dart slug (D:1)
  A ball python (D:1)
  3 bats (D:1)
  An endoplasm (D:2)
  4 goblins (D:1)
  3 hobgoblins (D:1)
  A frilled lizard (D:1)
  5 kobolds (D:1)
  A rat (D:1)
21 creatures vanquished.

Notes
Turn   | Place    | Note
-------+----------+-------------------------------------------
     0 | D:1      | Sabo the Djinni Gladiator began the quest for the Orb.
     0 | D:1      | Reached XP level 1. HP: 18/18 MP: 0/0
   230 | D:1      | Reached XP level 2. HP: 21/23 MP: 0/0
   671 | D:1      | Reached XP level 3. HP: 22/28 MP: 0/0
   671 | D:1      | Learned a level 1 spell: Summon Small Mammal
   824 | D:1      | Found a faded altar of an unknown god.
  1032 | D:1      | Prayed at the altar of an unknown god.
  1032 | D:1      | Became a worshipper of Yredelemnul the Dark
  1032 | D:1      | Reached * piety under Yredelemnul
  1060 | D:2      | Found Numarha's Magic Scroll Shoppe.
  1072 | D:2      | Bought a scroll of identify for 24 gold pieces
  1172 | D:2      | Noticed Sigmund
  1185 | D:2      | Slain by Sigmund

Illustrated notes

Levels and vault maps discovered:
D:1:      pf_arrival_petrified_forest, layout_rooms,
          chequers_ecumenical_altar_simple_redux, minivault_27, hex_medium,
          minmay_tetromino_i4
D:2:      layout_basic, serial_shops, shop, uniq_terence, uniq_natasha,
          uniq_sigmund

Skill      XL: |  1  2 |
---------------+-------+-----
Long Blades    | 3 |  3.1
Fighting       | |  2.0
Throwing       | |  1.7
Dodging        | |  3.9
Stealth        | |  0.1

Action                   || total
-------------------------++-------
Melee: Long sword        ||    80
       Punch             ||     1
Armor: Leather armour    ||    29
       Ring mail         ||    11
Dodge: Dodged            ||    74

Table legend: (Time is in decaauts)
 A = Elapsed time spent in this place.
 B = Non-inter-level travel time spent in this place.
 C = Inter-level travel time spent in this place.
 D = Time resting spent in this place.
 E = Time spent auto-exploring this place.
 F = Levels seen in this place.
 G = Mean time per level.
                   A        B        C        D        E       F      G
               +--------+--------+--------+--------+--------+-----+--------+
         Total |   1205 |   1205 |      0 |    303 |      0 |   2 |  602.5 |
       Dungeon |   1205 |   1205 |      0 |    303 |      0 |   2 |  602.5 |
               +--------+--------+--------+--------+--------+-----+--------+

Top non-repeatable levels by time:
     D:1: 1077 daAuts
     D:2: 128 daAuts
